 Dungeon Crawl Stone Soup version 0.18-a0-1551-g40744a8 (console) character file.

172 Liam the Conjurer (level 5, -3/28 HPs)
             Began as a Deep Elf Conjurer on Mar 10, 2016.
             Slain by an ogre
             ... wielding a +0 giant spiked club
              (24 damage)
             ... on level 4 of the Dungeon on Mar 11, 2016.
             The game lasted 00:04:52 (2520 turns).

Liam the Conjurer (Deep Elf Conjurer)               Turns: 2520, Time: 00:04:52

Health: -3/28      AC:  2    Str:  5    XL:     5   Next: 27%
Magic:  15/15      EV: 13    Int: 21    God:
Gold:   164        SH:  0    Dex: 15    Spells: 1 memorised, 14 levels left

rFire  . . .     SeeInvis .     q - +0 short sword (freeze)
rCold  . . .     Gourm    .     a - +0 robe
rNeg   . . .     Faith    .     (no shield)
rPois  .         Spirit   .     (no helmet)
rElec  .         Dismiss  .     (no cloak)
rCorr  .         Reflect  .     (no gloves)
SustAt .         Harm     .     (no boots)
MR     .....                    (no amulet)
Stlth  ++........               (no ring)
                                (no ring)

@: not resistant to hostile enchantments, unstealthy
A: no striking features
a: no special abilities


You were on level 4 of the Dungeon.
You were hungry.

You visited 1 branch of the dungeon, and saw 4 of its levels.

You collected 164 gold pieces.

Inventory:

Hand Weapons
 q - a +0 short sword of freezing (weapon)
Armour
 a - a +0 robe (worn)
Scrolls
 e - 6 scrolls of enchant weapon {unknown}
 f - 4 scrolls of remove curse {unknown}
 g - a scroll of immolation {unknown}
 i - 3 scrolls of teleportation {unknown}
 j - 7 scrolls of identify {unknown}
 k - 2 scrolls of blinking {unknown}
 s - a scroll of noise {unknown}
Potions
 d - a potion of mutation {unknown}
 h - 2 potions of might {unknown}
 l - 2 potions of heal wounds {unknown}
 m - 3 potions of curing {unknown}
 n - a potion of brilliance {unknown}
 p - a potion of degeneration {unknown}
 r - a potion of berserk rage {unknown}
 u - a potion of lignification {unknown}
Books
 b - a book of Conjurations

   Spells                             Type                      Level
   a - Magic Dart                     Conjuration                  1
   b - Searing Ray                    Conjuration                  2
   c - Dazzling Spray                 Conjuration/Hexes            3
   d - Fulminant Prism                Conjuration/Hexes            4
   e - Iskenderun's Mystic Blast      Conjuration                  4
   f - Iskenderun's Battlesphere      Conjuration/Charms           5
Comestibles
 c - 4 bread rations
 o - 2 meat rations
 t - 3 fruits


   Skills:
 - Level 2.4 Dodging
 - Level 2.4 Stealth
 + Level 5.8 Spellcasting
 + Level 5.9 Conjurations


You had 14 spell levels left.
You knew the following spells:

 Your Spells              Type           Power        Failure   Level  Hunger
a - Magic Dart            Conj           ####         1%          1    None


Dungeon Overview and Level Annotations

Branches:
Dungeon (4/15)
 Temple: D:4-7

Altars:
Qazlal


Message History

Okay, then.
There is an open door here.
Found an escape hatch in the floor.
Found a stormy altar of Qazlal.
An adder comes into view.
Why would you want to do that? The ogre barely misses you.
A jackal comes into view.
The jackal barks!
Found a sedimented orange potion.
An orc priest comes into view. It is wielding a hand axe.
An orc comes into view. It is wielding a club.
The orc priest shouts!
A jackal, a worker ant and an orc come into view.
The jackal barks!
The jackal closely misses you.
You open the door. The jackal bites you.
The ogre hits you with a giant spiked club!!
Ouch! That really hurt!
You die...

######### ........#####
!.......#...#
........'...# ....
.......@# .....
......hO# .....
........#+### ....#+##
....o.......##+##.....##
...h####....#...+.....#.


ooa. #....+...#.....'. .oo #....#...#.....## .. #....#...#....%..
####....+...######.. You could see an ogre, a worker ant (wandering), an orc
priest, 4 orcs and 2 jackals.

Vanquished Creatures
  A scorpion (D:4)
  An orc priest (D:3)
  2 adders
  2 worms
  2 dart slugs
  3 giant geckos
  3 orcs (D:3)
  A ball python (D:1)
  4 bats
  4 giant cockroaches
  7 goblins
  8 hobgoblins
  2 jackals (D:1)
  A quokka (D:3)
  6 giant newts
  8 kobolds
  6 rats
61 creatures vanquished.

Notes
Turn   | Place    | Note
--------------------------------------------------------------
     0 | D:1      | Liam the Deep Elf Conjurer began the quest for the Orb.
     0 | D:1      | Reached XP level 1. HP: 10/10 MP: 6/6
   170 | D:1      | Reached XP level 2. HP: 15/15 MP: 6/8
   176 | D:1      | Upgraded the game from 0.18-a0-1542-g9c1a92e to 0.18-a0-1551-g40744a8
   569 | D:1      | Reached XP level 3. HP: 19/19 MP: 6/10
   792 | D:2      | Reached skill level 5 in Conjurations
  1406 | D:3      | Reached skill level 5 in Spellcasting
  1406 | D:3      | Reached XP level 4. HP: 3/24 MP: 5/13
  2321 | D:4      | Reached XP level 5. HP: 16/28 MP: 6/15
  2494 | D:4      | Noticed an ogre
  2507 | D:4      | Found a stormy altar of Qazlal.
  2520 | D:4      | Slain by an ogre

Vault maps used:
D:1:      sevenhm_arrival_forest_fort_large_4, minmay_misc_feat_enclosed
D:3:      first_bread
D:4:      makhleb_heckhound_becter, nicolae_qazlal_general_emergency

Skill      XL: |  1  2  3 |
---------------+----------+-----
Spellcasting   | 4 5 |  5.8
Conjurations   | 5 |  5.9
Dodging        | |  2.4
Stealth        | |  2.4

Action                   |  1- 3 |  4- 6 || total
-------------------------+-------+-------++-------
Melee: Short sword       |     1 |       ||     1
 Cast: Magic Dart        |    83 |    48 ||   131
  Eat: Chunk             |     1 |     3 ||     4
